cohdb
Replays
Latest Replays
All Replays
Popular Replays
Top Player Replays
Match Explorer
How It Works
Community
CoH3 Stats
Reddit
Sign in to upload your games and track your stats! →
Sign in with Steam
Match 45273729
Unlisted
Match 45273729
Overview
Messages
Build Orders
End
Vickers Machine Gun Team
Selects Australian Defense Battlegroup
Selects Australian Light Infantry Section
Australian Light Infantry Section
Construct Section Command Post
Construct Section Command Post
Infantry Section
Grenade Package
Infantry Section
Construct Platoon Command Post
Selects Defensive Tactics
Unlock M3 Stuart Light Tanks
M3 Stuart Light Tank
Royal Engineer Section
Infantry Section
Selects CMP 15cwt Supply Run
CMP 15cwt Supply Run
Construct Field Infirmary
Construct Company Command Post
Matilda II Heavy Tank
CoS | MataPersonas
UH OH STINKY
PiffaWiff
MasterPain
Herr Blautier
BlackMJack
EPHX_Valkyrion
E.King
0
0
Comments
sign in to comment!
No comments posted yet!